 Dungeon Crawl Stone Soup version 0.30-a0-726-gd89dcf765f (webtiles) character file.

Game seed: 3770492625828786981

297 Arximoufas the Conjurer (level 6, -1/32 HPs)
             Began as a Deep Elf Conjurer on Jan 29, 2023.
             Slain by a lemure (3 damage)
             ... led by Pikel
             ... on level 5 of the Dungeon.
             The game lasted 00:08:43 (4750 turns).

Arximoufas the Conjurer (Deep Elf Conjurer)         Turns: 4750, Time: 00:08:44

Health: -1/32      AC:  7    Str:  2 (4)  XL:     6   Next: 12%
Magic:  4/14       EV: 17    Int: 23 (25) God:
Gold:   221        SH:  0    Dex: 12 (13) Spells: 6/13 levels left

rFire   + . .      SeeInvis .    k - +0 dagger (speed)
rCold   + . .      Faith    .    (no shield)
rNeg    . . .      Spirit   .    o - +1 robe {rC+ rF+}
rPois   .          Reflect  .    l - +0 helmet
rElec   .          Harm     .    (no cloak)
rCorr   .          Rampage  .    m - +2 pair of gloves
Will    .....                    (no boots)
Stlth   +++                      (no amulet)
HPRegen 0.25/turn                e - +5 ring of evasion
MPRegen 0.14/turn                (no ring)

@: no status effects
A: no striking features
a: no special abilities


You were on level 5 of the Dungeon.
You visited 1 branch of the dungeon, and saw 5 of its levels.

You collected 298 gold pieces.
You spent 77 gold pieces at shops.

Inventory:

Hand Weapons
 k - a +0 dagger of speed (weapon)
Missiles
 f - 11 poisoned darts
Armour
 l - a +0 helmet (worn)
 m - a +2 pair of gloves (worn)
 o - a +1 robe of resistance (worn)
Jewellery
 e - a +5 ring of evasion (left hand)
Scrolls
 a - 3 scrolls of fog {unknown}
 c - a scroll of enchant weapon {unknown}
 g - 5 scrolls of teleportation {unknown}
 h - a scroll of noise {unknown}
 n - 4 scrolls of identify {unknown}
Potions
 b - a potion of magic
 d - a potion of degeneration
 i - a potion of flight {unknown}
 j - a potion of haste {unknown}
 p - a potion of mutation {unknown}


   Skills:
 - Level 2.4 Dodging
 - Level 5.0 Stealth
 - Level 4.0 Spellcasting
 - Level 5.0 Conjurations
 + Level 2.6 Air Magic
 + Level 3.1 Poison Magic


You had 6 spell levels left.
You knew the following spells:

 Your Spells              Type           Power      Damage    Failure   Level
a - Magic Dart            Conj           100%       1d8       1%          1
b - Ignite Poison         Fire/Tmut/Pois 9%         N/A       21%         3
c - Mephitic Cloud        Conj/Pois/Air  21%        N/A       7%          3

Your spell library contained the following spells:

 Spells                   Type           Power      Damage    Failure   Level
 Searing Ray              Conj           54%        2d6       1%          2
 Dazzling Flash           Conj/Hex       32%        N/A       11%         3
 Call Imp                 Summ           4%         N/A       16%         2
 Lesser Beckoning         Tloc           8%         N/A       16%         2
 Kindle Blastsparks       Fire/Tloc/Air  16%        2d11      22%         3
 Gell's Gravitas          Tloc           4%         N/A       30%         3
 Teleport Other           Tloc           4%         N/A       30%         3
 Fulminant Prism          Conj/Hex       8%         3d6       36%         4
 Iskenderun's Mystic Bla  Conj/Tloc      16%        2d5       36%         4
 Freezing Cloud           Conj/Ice/Air   8%         6-21      71%         5


Dungeon Overview and Level Annotations

Branches:
Dungeon (5/15)
 Temple: D:4-7

Altars:
Ru
The Shining One

Shops:
D:1 (   D:3 [   D:5 [

Annotations:
D:3 2 transporters, lagdotcom's ghost, amateur GnRe
D:5 Pikel


Message History

Aim: Pikel, wielding a +1 whip of freezing and wearing a +0 robe (lightly wounded, 100% to hit)
The magic dart hits Pikel.
Pikel is moderately wounded.
Pikel hits you with a +1 whip of freezing.
The lemure barely misses you. The lemure hits you!
Aiming: Magic Dart (safe; 1% risk of failure)
Press: ? - help, Q - select action, (/) - cycle Shift-Dir - straight line, f/p - Pikel
Aim: Pikel, wielding a +1 whip of freezing and wearing a +0 robe (moderately wounded, 100% to hit)
The magic dart hits Pikel but does no damage.
Pikel is moderately wounded.
Pikel completely misses you. The lemure hits you! The lemure hits you.
Aiming: Magic Dart (safe; 1% risk of failure)
Press: ? - help, Q - select action, (/) - cycle Shift-Dir - straight line, f/p - Pikel
Aim: Pikel, wielding a +1 whip of freezing and wearing a +0 robe (moderately wounded, 100% to hit)
The magic dart hits Pikel but does no damage.
Pikel is moderately wounded.
Pikel hits you but does no damage. The lemure misses you. x2
It was a potion of degeneration.
There was something very wrong with that liquid.
You feel weakened.
You feel dopey.
You feel clumsy. Pikel barely misses you. The lemure barely misses you. x2
Aiming: Magic Dart (safe; 1% risk of failure)
Press: ? - help, Q - select action, (/) - cycle Shift-Dir - straight line, f/p - Pikel
Aim: Pikel, wielding a +1 whip of freezing and wearing a +0 robe (moderately wounded, 100% to hit)
The magic dart hits Pikel but does no damage.
Pikel is moderately wounded.
Pikel barely misses you. The lemure hits you.
* * * LOW HITPOINT WARNING * * *
The lemure closely misses you.
Aiming: Magic Dart (safe; 1% risk of failure)
Press: ? - help, Q - select action, (/) - cycle Shift-Dir - straight line, f/p - Pikel
Aim: Pikel, wielding a +1 whip of freezing and wearing a +0 robe (moderately wounded, 100% to hit)
The magic dart hits Pikel.
Pikel is moderately wounded.
The lemure hits you.
* * * LOW HITPOINT WARNING * * *
Pikel hits you with a +1 whip of freezing.
* * * LOW HITPOINT WARNING * * *
The lemure hits you.
You die...

# ###
#...########.##
......55.5....#
....########.## .
.........#
########5#
.#######5###
.....5K@5..# #####
########...#####...#
#.......(.#.#
##.#.####...#
##.###.####.## #.#
##.# #.# ##.###.##
#.# # ###### #.#.##
#.# ### ###..###
#..## #.#


You could see Pikel and 4 lemures.

Vanquished Creatures
  A gnoll sergeant (D:3)
  A hound (D:4)
  A gnoll bouda (D:5)
  Robin (D:2)
  4 gnolls
  2 adders
  A worm (D:2)
  2 dart slugs
  11 orcs
  6 bats
  8 endoplasms
  A giant cockroach (D:2)
  22 goblins
  9 hobgoblins
  10 kobolds
  A quokka (D:4)
  4 ball pythons
  4 frilled lizards
  4 rats
93 creatures vanquished.

Notes
Turn   | Place    | Note
-------+----------+-------------------------------------------
     0 | D:1      | Arximoufas the Deep Elf Conjurer began the quest for the
                  | Orb.
     0 | D:1      | Reached XP level 1. HP: 10/10 MP: 6/6
   242 | D:1      | Reached XP level 2. HP: 15/15 MP: 6/8
   734 | D:1      | Found Neuvvi Zuxt's Antique Weapon Shop.
   849 | D:1      | Reached skill level 5 in Conjurations
   880 | D:1      | Reached XP level 3. HP: 19/19 MP: 8/10
   911 | D:1      | Learned a level 3 spell: Ignite Poison
  1228 | D:2      | Learned a level 3 spell: Mephitic Cloud
  1325 | D:2      | Noticed Robin
  1551 | D:2      | Killed Robin
  1584 | D:2      | Reached skill level 1 in Poison Magic
  1738 | D:2      | Reached XP level 4. HP: 24/24 MP: 8/11
  2186 | D:3      | Found a sacrificial altar of Ru.
  2189 | D:3      | Reached skill level 1 in Air Magic
  2480 | D:3      | Found a transporter.
  2480 | D:3      | Noticed lagdotcom's ghost (amateur GnRe)
  2528 | D:3      | Found a transporter.
  2812 | D:3      | Found Rauppuotu's Antique Armour Shoppe.
  2834 | D:3      | Bought a glowing robe for 77 gold pieces
  2927 | D:3      | Noticed a gnoll sergeant
  2938 | D:3      | Killed a gnoll sergeant
  2939 | D:3      | Reached XP level 5. HP: 15/28 MP: 2/13
  3699 | D:4      | Found a glowing golden altar of the Shining One.
  4516 | D:5      | Entered Level 5 of the Dungeon
  4579 | D:5      | Found Ylooq's Armour Emporium.
  4715 | D:5      | Reached skill level 5 in Stealth
  4715 | D:5      | Reached XP level 6. HP: 32/32 MP: 9/14
  4739 | D:5      | Noticed Pikel
  4750 | D:5      | Slain by a lemure

Illustrated notes

Levels and vault maps discovered:
D:1:      roderic_crossed_star, layout_basic, serial_shops,
          nicolae_shop_hallway_plus
D:2:      cheibrodos_greedy_goblins, layout_basic, uniq_robin
D:3:      layout_loops_cross, nicolae_ru_awakened_eye, gammafunk_ghost_arena,
          serial_shops, nicolae_lakefront_shop, grunt_ministairs_3
D:4:      layout_basic, amcnicky_altar_gilded, st_stairs_4, lemuel_flame_loot_1
D:5:      layout_loops_ring, ashenzari_altar_1, minmay_temple_entry_fiery,
          serial_shops, nicolae_take_the_stairs, nicolae_diamond_shop,
          nicolae_shop_advertising_works [nicolae_subvault_shop_adworks],
          nicolae_square_shop, uniq_pikel

Skill      XL: |  1  2  3  4  5 |
---------------+----------------+-----
Stealth        | 3 4 5 |  5.0
Conjurations   | 5 |  5.0
Poison Magic   | 1 2 3 |  3.1
Spellcasting   | 4 |  4.0
Air Magic      | 1 2 |  2.6
Dodging        | |  2.4

Action                     |  1- 3 |  4- 6 || total
---------------------------+-------+-------++-------
   Cast: Magic Dart        |    86 |   127 ||   213
         Mephitic Cloud    |       |     1 ||     1
    Use: Potion            |       |     1 ||     1
 Armour: Robe              |     5 |     7 ||    12
  Dodge: Dodged            |    13 |    31 ||    44

Table legend: (Time is in decaauts)
 A = Elapsed time spent in this place.
 B = Non-inter-level travel time spent in this place.
 C = Inter-level travel time spent in this place.
 D = Time resting spent in this place.
 E = Time spent auto-exploring this place.
 F = Levels seen in this place.
 G = Mean time per level.
                   A        B        C        D        E       F      G
               +--------+--------+--------+--------+--------+-----+--------+
         Total |   4750 |   4487 |    263 |    243 |   3723 |   5 |  950.0 |
       Dungeon |   4750 |   4487 |    263 |    243 |   3723 |   5 |  950.0 |
               +--------+--------+--------+--------+--------+-----+--------+

Top non-repeatable levels by time:
     D:4: 1287 daAuts
     D:1: 1197 daAuts
     D:2: 1078 daAuts
     D:3: 989 daAuts
     D:5: 197 daAuts
